 Dungeon Crawl Stone Soup version 0.21.1-1-g345015f (webtiles) character file.

11233 Mirai the Cleaver (level 11, -6/93 HPs)
             Began as a Demonspawn Fighter on Mar 14, 2018.
             Was an Elder of Okawaru.
             Incinerated by buskinjo's ghost (7 damage)
             ... with a sticky flame
             ... on level 10 of the Dungeon.
             The game lasted 00:27:55 (7862 turns).

Mirai the Cleaver (Demonspawn Fighter)              Turns: 7862, Time: 00:27:55

Health: -6/93      AC: 20    Str: 21    XL:     11   Next: 46%
Magic:  12/12      EV:  7    Int:  9    God:    Okawaru [****..]
Gold:   418        SH:  0    Dex: 12    Spells: 10/10 levels left

rFire    . . .     SeeInvis .   a - +0 battleaxe
rCold    . . .     Gourm    .   (shield currently unavailable)
rNeg     . . .     Faith    .   P - +0 plate armour
rPois    .         Spirit   .   y - +0 helmet
rElec    .         Reflect  .   L - +0 cloak
rCorr    .         Harm     .   (no gloves)
MR       .....                  K - +0 pair of boots
Stlth    ..........             M - amulet of magic regeneration
HPRegen  0.25/turn              (no ring)
MPRegen  0.38/turn              (no ring)

@: liquid flames, glowing
A: hooves 1, icy blue scales 2, powered by pain 2, spiny 3
a: Heroism, Renounce Religion


You were on level 10 of the Dungeon.
You worshipped Okawaru.
Okawaru was greatly pleased with you.
You were not hungry.

You visited 2 branches of the dungeon, and saw 11 of its levels.
You also visited: Sewer and Ossuary.

You collected 512 gold pieces.
You spent 94 gold pieces at shops.

Inventory:

Hand Weapons
 a - a +0 battleaxe (weapon)
 Q - a +0 war axe
Missiles
 e - 7 tomahawks
 o - 4 tomahawks of returning (quivered)
 G - 7 steel tomahawks
Armour
 b - a +0 scale mail
 c - a +0 shield
 i - a +0 robe of cold resistance
 y - a +0 helmet (worn)
 z - a cursed +0 robe
 K - a +0 pair of boots (worn)
 L - a +0 cloak (worn)
 P - a +0 plate armour (worn)
Magical Staves
 B - an uncursed staff of poison {unknown}
Jewellery
 r - an uncursed amulet of faith
 M - an amulet of magic regeneration (around neck)
Wands
 d - a wand of polymorph (8)
 p - a wand of acid (3)
Scrolls
 j - 8 scrolls of identify
 l - a scroll of torment {unknown}
 m - 3 scrolls of fog
 n - 2 scrolls of blinking {unknown}
 q - a scroll of noise {unknown}
 s - 2 scrolls of random uselessness {unknown}
 u - 2 scrolls of magic mapping
 x - a scroll of fear
 A - a scroll of immolation
 C - 2 scrolls of remove curse
 F - 2 scrolls of amnesia {unknown}
 I - a scroll of enchant armour {unknown}
Potions
 g - 4 potions of lignification {unknown}
 h - 2 potions of haste
 k - a potion of ambrosia {unknown}
 v - 7 potions of curing
 D - 3 potions of flight
 H - a potion of degeneration {unknown}
 O - a potion of might
Books
 t - a book of Minor Magic

   Spells                             Type                      Level
   a - Magic Dart                     Conjuration                  1
   b - Blink                          Translocation                2
   c - Call Imp                       Summoning                    2
   d - Slow                           Hexes                        2
   e - Conjure Flame                  Conjuration/Fire             3
   f - Mephitic Cloud                 Conjuration/Poison/Air       3
 w - a book of Misfortune

   Spells                             Type                      Level
   a - Confusing Touch                Hexes                        1
   b - Confuse                        Hexes                        3
   c - Gell's Gravitas                Translocation                3
   d - Petrify                        Transmutation/Earth          4
   e - Metabolic Englaciation         Hexes/Ice                    5
   f - Yara's Violent Unravelling     Hexes/Transmutation          5
 N - a book of Necromancy

   Spells                             Type                      Level
   a - Pain                           Necromancy                   1
   b - Animate Skeleton               Necromancy                   1
   c - Vampiric Draining              Necromancy                   3
   d - Regeneration                   Charms/Necromancy            3
   e - Animate Dead                   Necromancy                   4
   f - Borgnjor's Vile Clutch         Necromancy/Earth             5
Comestibles
 f - 16 rations
 E - 10 chunks of flesh


   Skills:
 * Level 11.2 Fighting
 + Level 11.4 Axes
 + Level 7.3 Armour
 + Level 1.4 Dodging
 - Level 2.6 Shields
 * Level 2.6 Invocations
 - Level 0.1 Evocations


You had 10 spell levels left.
You didn't know any spells.

Dungeon Overview and Level Annotations

Branches:
Dungeon (10/15)            Temple (1/1) D:5            Lair (0/6) D:10
    Orc (0/2) D:10

Altars:
Ashenzari
Dithmenos
Elyvilon
Hepliaklqana
Kikubaaqudgha
Makhleb
Okawaru
Sif Muna
Xom
Zin
The Shining One

Shops:
D:6 (   D:7 (

Annotations:
D:10 buskinjo's ghost, novice DsFE


Innate Abilities, Weirdness & Mutations

You have large cloven feet.
You are mostly covered in icy blue scales. (AC +3)
You sometimes gain power by taking damage.
You are completely covered in sharp spines.


Message History

Buskinjo's ghost is almost destroyed.
Buskinjo's ghost is struck by your spines.
Buskinjo's ghost hits you.
* * * LOW HITPOINT WARNING * * *
A leopard gecko comes into view.
You barely miss buskinjo's ghost.
Buskinjo's ghost is almost destroyed.
The leopard gecko hisses angrily.
Buskinjo's ghost sprays you with burning goo.
The sticky flame hits you!
You are covered in liquid flames!
Unknown command.
You miss buskinjo's ghost.
Buskinjo's ghost is almost destroyed.
You are covered in liquid flames!
* * * LOW HITPOINT WARNING * * *
Buskinjo's ghost hits you.
* * * LOW HITPOINT WARNING * * *
You are covered in liquid flames!
You die...

#.#<..........
#.#.######.#.#
#.#........... .
#.########.... ..
##............. ...#
#...#######.... .....####
#..(...........
........####)..#######..#.
....l.)W.@.[..............
.........).#...#######.###
##.........#...##.†..†>...
####....?.######.####.###
###....# #.# #.# ##...#
#.# #.# #...# ####.####.#
##..# ........#.### #..#
........†....


You could see buskinjo's ghost and a leopard gecko.

Vanquished Creatures
  Erica (D:9)
  3 two-headed ogres
  Pikel (D:4)
  The ghost of Mirai the Chopper, a novice DsFi of Okawaru (D:7)
  Joseph (D:7)
  The ghost of aMcNicky the Chopper, a novice MiFi (D:6)
  A centaur skeleton (D:9)
  The ghost of TheNamelessOne the Firebug, a novice DsFE (D:5)
  A troll (D:9)
  The ghost of Mirai the Chopper, an amateur DsFi of Okawaru (D:4)
  Prince Ribbit (D:8)
  A hippogriff (D:10)
  Sigmund (D:2)
  6 yaks (D:9)
  A wyvern (D:10)
  A steam dragon (D:9)
  A hungry ghost (D:7)
  A black bear (D:7)
  5 orc warriors
  2 phantoms
  2 sky beasts
  4 ogres
  4 centaurs
  A crocodile (D:9)
  2 big kobolds
  4 bullfrogs
  Dowan (D:4)
  5 killer bees (D:10)
  The ghost of letownia2 the Charmwright, a weakling MfSk (D:3)
  4 howler monkeys
  4 jellies
  5 crimson imps
  4 centaur zombies
  A human zombie (Ossuary)
  2 quasits
  Crazy Yiuf (D:4)
  A gnoll shaman (D:6)
  3 hounds
  An orc priest (D:8)
  7 orc wizards
  A bullfrog skeleton (D:7)
  An iguana (D:7)
  8 worker ants
  A big kobold zombie (Ossuary)
  2 hound zombies (Ossuary)
  3 mummies (Ossuary)
  A hound skeleton (D:4)
  13 adders
  A howler monkey skeleton (D:6)
  7 gnolls
  3 shadow imps
  An ooze (D:6)
  2 adder zombies
  A worm (D:3)
  8 leopard geckos
  37 orcs
  10 bats
  10 giant cockroaches
  6 goblins
  11 hobgoblins
  8 jackals
  4 quokkas
  2 ball pythons
  13 frilled lizards
  A gnoll zombie (Ossuary)
  4 goblin zombies (Ossuary)
  4 hobgoblin zombies (Ossuary)
  9 jackal zombies (Ossuary)
  11 kobolds
  5 kobold zombies (Ossuary)
  A leopard gecko zombie (D:6)
  2 orc zombies (Ossuary)
  2 quokka zombies
  4 rats
  4 rat zombies
  2 fungi (D:4)
292 creatures vanquished.

Vanquished Creatures (others)
  Duvessa (D:4)
  A slave (D:4)
  A scorpion (D:4)
  A bullfrog skeleton (D:4)
4 creatures vanquished.

Grand Total: 296 creatures vanquished

Notes
Turn   | Place    | Note
-------+----------+-------------------------------------------
     0 | D:1      | Mirai the Demonspawn Fighter began the quest for the Orb.
     0 | D:1      | Reached XP level 1. HP: 18/18 MP: 1/1
    61 | D:1      | Gained mutation: You are partially covered in sharp spines. [demonic ancestry]
    61 | D:1      | Reached XP level 2. HP: 18/24 MP: 2/2
   473 | D:2      | Gained mutation: You are partially covered in icy blue scales. (AC +2) [demonic ancestry]
   473 | D:2      | Reached XP level 3. HP: 28/30 MP: 3/3
   778 | D:2      | Noticed Sigmund
   807 | D:2      | Killed Sigmund
   807 | D:2      | Reached XP level 4. HP: 31/38 MP: 4/4
   807 | D:2      | Gained mutation: You are mostly covered in icy blue scales. (AC +3) [demonic ancestry]
   807 | D:2      | Reached XP level 5. HP: 36/43 MP: 5/5
  1480 | D:3      | Noticed an ogre
  1491 | D:3      | Killed an ogre
  1491 | D:3      | Reached XP level 6. HP: 27/49 MP: 6/6
  1630 | D:3      | Noticed letownia2's ghost (weakling MfSk)
  1673 | D:3      | Killed letownia2's ghost
  1822 | D:3      | Found a glowing drain.
  1840 | Sewer    | Entered a sewer
  2048 | Sewer    | Reached skill level 5 in Axes
  2048 | Sewer    | Gained mutation: You have large cloven feet. [demonic ancestry]
  2048 | Sewer    | Reached XP level 7. HP: 43/55 MP: 7/7
  2219 | D:3      | Reached skill level 5 in Fighting
  2505 | D:4      | Noticed Mirai's ghost (amateur DsFi)
  2510 | D:4      | Killed Mirai's ghost
  2557 | D:4      | Noticed Dowan
  2558 | D:4      | Noticed Pikel
  2560 | D:4      | Noticed Duvessa
  2567 | D:4      | Killed Pikel
  2567 | D:4      | Gained mutation: You are mostly covered in sharp spines. [demonic ancestry]
  2567 | D:4      | Reached XP level 8. HP: 40/65 MP: 8/8
  2574 | D:4      | Killed Dowan
  2580 | D:4      | Killed Duvessa
  2793 | D:4      | Found a sand-covered staircase.
  2808 | Ossuary  | Entered an ossuary
  2833 | Ossuary  | Reached skill level 5 in Armour
  3278 | D:4      | Found a runed door.
  3282 | D:4      | Noticed Crazy Yiuf
  3285 | D:4      | Killed Crazy Yiuf
  3319 | D:5      | Entered Level 5 of the Dungeon
  3371 | D:5      | Gained mutation: You are completely covered in sharp spines. [demonic ancestry]
  3371 | D:5      | Reached XP level 9. HP: 70/72 MP: 9/9
  3443 | D:5      | Noticed TheNamelessOne's ghost (novice DsFE)
  3463 | D:5      | Killed TheNamelessOne's ghost
  3500 | D:5      | Found a staircase to the Ecumenical Temple.
  3519 | Temple   | Entered the Ecumenical Temple
  3616 | Temple   | Became a worshipper of Warmaster Okawaru
  3745 | D:5      | Found a hazy altar of Hepliaklqana.
  3886 | D:5      | Found a shadowy altar of Dithmenos.
  4399 | D:6      | Noticed aMcNicky's ghost (novice MiFi)
  4414 | D:6      | Killed aMcNicky's ghost
  4481 | D:6      | Found Momus's Antique Weapon Shop.
  4492 | D:6      | Bought a war axe for 94 gold pieces
  4519 | D:6      | Noticed a two-headed ogre
  4530 | D:6      | Killed a two-headed ogre
  4530 | D:6      | Reached * piety under Okawaru
  4982 | D:6      | Gained mutation: You sometimes gain a little power by taking damage. [demonic ancestry]
  4982 | D:6      | Reached XP level 10. HP: 76/82 MP: 10/10
  5140 | D:7      | Noticed Joseph
  5142 | D:7      | Reached ** piety under Okawaru
  5162 | D:7      | Noticed Mirai's ghost (novice DsFi)
  5171 | D:7      | Killed Joseph
  5171 | D:7      | Reached skill level 1 in Dodging
  5179 | D:7      | Killed Mirai's ghost
  5179 | D:7      | Reached skill level 10 in Axes
  5376 | D:7      | Reached *** piety under Okawaru
  5458 | D:7      | Found Otubulep's Antique Weapon Boutique.
  5908 | D:8      | Noticed Prince Ribbit
  5915 | D:8      | Killed Prince Ribbit
  6285 | D:9      | Noticed Erica
  6303 | D:9      | Killed Erica
  6303 | D:9      | Reached skill level 10 in Fighting
  6631 | D:9      | Reached **** piety under Okawaru
  6641 | D:9      | Gained mutation: You sometimes gain power by taking damage. [demonic ancestry]
  6641 | D:9      | Reached XP level 11. HP: 39/92 MP: 11/11
  7043 | D:9      | Noticed a two-headed ogre
  7050 | D:9      | Killed a two-headed ogre
  7050 | D:9      | Reached skill level 1 in Invocations
  7372 | D:9      | Noticed a two-headed ogre
  7384 | D:9      | Killed a two-headed ogre
  7384 | D:9      | Reached ***** piety under Okawaru
  7615 | D:10     | Entered Level 10 of the Dungeon
  7707 | D:10     | Found a staircase to the Orcish Mines.
  7779 | D:10     | Found a staircase to the Lair.
  7844 | D:10     | Noticed buskinjo's ghost (novice DsFE)
  7861 | D:10     | HP: 3/93 [burnt (4)]
  7861 | D:10     | HP: 1/93 [buskinjo's ghost (2)]
  7862 | D:10     | Incinerated by buskinjo's ghost

Skill      XL: |  1  2  3  4  5  6  7  8  9 10 11 |
---------------+----------------------------------+-----
Armour         | 3 4 5 6 7 |  7.3
Axes           | 2 3 4 5 6 7 9 10 11 | 11.4
Fighting       | 4 6 7 8 10 11 | 11.2
Dodging        | 1 |  1.4
Invocations    | 2 |  2.6
Shields        | |  2.6
Evocations     | |  0.1

Action                   |  1- 3 |  4- 6 |  7- 9 | 10-12 || total
-------------------------+-------+-------+-------+-------++-------
Melee: War axe           |    88 |   115 |   302 |   225 ||   730
       Kick              |       |       |    95 |    27 ||   122
       Battleaxe         |       |       |       |    49 ||    49
Evoke: Wand              |       |       |     9 |       ||     9
  Use: Potion            |     7 |       |     1 |       ||     8
       Scroll            |     2 |     3 |     1 |       ||     6
  Eat: Chunk             |       |     4 |    10 |    12 ||    26
Armor: Scale mail        |    39 |       |       |       ||    39
       Plate armour      |     2 |    86 |   140 |   172 ||   400
Dodge: Dodged            |    42 |     9 |    26 |    61 ||   138
Block: Shield            |    60 |    72 |   147 |   100 ||   379
